[Event "Late-Titled-Tuesday-Blitz-August-29-2023"]
[Site "Chess.com"]
[Date "2023.08.29"]
[Round "7"]
[White "Sjakkerntobi"]
[Black "Nf3c5"]
[Result "1/2-1/2"]
[WhiteElo "2469"]
[BlackElo "2602"]
[TimeControl "180+1"]
[EndTime "15:17:39 PDT"]
[Termination "Game drawn by 50-move rule"]

1. e4 c5 2. Nf3 Nc6 3. d4 cxd4 4. Nxd4 e5 5. Nb5 d6 6. N1c3 a6 7. Na3 Be6 8. Nc4 Rb8 9. Ne3 Nf6 10. Bc4 Be7 11. Ned5 O-O 12. O-O Nd4 13. Be3 b5 14. Bb3 b4 15. Nxf6+ Bxf6 16. Nd5 Bxd5 17. Bxd5 Rc8 18.
Rc1 a5 19. Qd3 Bg5 20. c3 bxc3 21. bxc3 Bxe3 22. Qxe3 Ne6 23. Rfd1 Nf4 24. g3 Nxd5 25. Rxd5 Rc6 26. Qa7 Qg5 27. Rc2 Qg4 28. Qxa5 Qxe4 29. Rcd2 Qe1+ 30. Kg2 Qe4+ 31. f3 Qc4 32. Qb4 Qxc3 33.
Qxc3 Rxc3 34. Rxd6 g6 35. R6d5 Re8 36. Re2 Ra3 37. Rdxe5 Rxe5 38. Rxe5 Rxa2+ 39. Kh3 Kg7 40. g4 Rf2 41. Kg3 Ra2 42. h4 h6 43. Rb5 Ra4 44.
Rb1 Rc4 45. Re1 Ra4 46. Re5 Kf6 47. Rb5 Rc4 48. Kg2 Kg7 49. Kf2 Ra4 50. Ke3 Ra3+ 51. Kf4 Ra4+ 52. Kg3 Ra3 53. Re5 Ra4 54. Kf2 Rb4 55. Ke3 Ra4 56. Rd5 Kf6 57. Rd4 Ra3+ 58. Kf4 g5+ 59. hxg5+ hxg5+ 60. Kg3 Kg6 61. Rd6+ f6 62.
Rd5 Ra4 63. Rf5 Ra1 64. Kf2 Ra2+ 65. Ke3 Ra3+ 66. Kd4 Ra4+ 67. Kc3 Ra3+ 68. Kb4 Re3 69. Kc5 Kf7 70. Kd4 Re1 71. Kd3 Ke6 72. Kd2 Ra1 73. Rb5 Ra2+ 74. Ke3 Rg2 75. Rb6+ Kf7 76. Rb8 Ra2 77.
Rb7+ Ke6 78. Rb5 Ra4 79. Kf2 Rc4 80. Kg3 Ra4 81. Kg2 Rc4 82. Ra5 Rb4 83. Kf1 Kf7 84. Kf2 Ke6 85. Ke3 Rc4 86. Ra3 Rb4 87. Rd3 Ke5 88.
Ra3 Rc4 89. Ra5+ Ke6 90. Kd3 Rb4 91. Rc5 Rb3+ 92. Ke4 Rb4+ 93. Ke3 Ra4 94. Rb5 Ra3+ 95. Kf2 Ra4 96. Rb3 Rc4 97. Re3+ Kf7 98. Ke2 Ra4 99.
Rd3 Ra2+ 100. Ke3 Ra4 101. Rd4 Ra3+ 102. Ke4 Rb3 103. Ra4 Ke6 104. Ra6+ Kf7 105. Rd6 Kg6 106. Rd3 Rb4+ 107. Ke3 Ra4 108. Kf2 Ra2+ 109. Kg3 Ra4 110. Rd6 Rb4 111. Rc6 Ra4 1/2-1/2

[Event "Late-Titled-Tuesday-Blitz-August-29-2023"]
[Site "Chess.com"]
[Date "2023.08.29"]
[Round "7"]
[White "Jospem"]
[Black "Arystanner"]
[Result "0-1"]
[WhiteElo "3033"]
[BlackElo "2877"]
[TimeControl "180+1"]
[EndTime "15:17:40 PDT"]
[Termination "Arystanner won by checkmate"]

1. e4 c6 2. d4 d5 3. e5 c5 4.
dxc5 e6 5. Qg4 Nd7 6. Nf3 Nxc5 7.
Nc3 Bd7 8. Bd3 Nh6 9. Qf4 Be7 10. O-O Nxd3 11. cxd3 Nf5 12. Ne2 O-O 13. Ng3 Nxg3 14.
Qxg3 Kh8 15. Be3 Rc8 16. a3 a5 17. Rac1 Bb5 18. Rxc8 Qxc8 19. Rc1 Qd7 20. Rd1 Rc8 21.
Nd4 Ba6 22. Qf3 Bc5 23. h3 Kg8 24. Qg4 g6 25. Nf3 Bf8 26. Qf4 Bg7 27. Nh2 h5 28. g4 Qc7 29. Rc1 Qb8 30. Rxc8+ Qxc8 31. gxh5 gxh5 32. d4 Bd3 33. Nf3 Qc2 34. b4 a4 35.
Kh2 Qb1 36. Ng5 Bg6 37. Qg3 Qf5 38. h4 Kf8 39. Nh3 Ke8 40. Nf4 Kd7 41. b5 Bf8 42.
Bd2 Be7 43. Ng2 Qd3 44. Be3 Bxa3 45. Nf4 Qf5 46. Qf3 Be7 47. Qe2 Ke8 48. b6 Kf8 49. Qb5 Qg4 50. Qxa4 Be4 51. Qa8+ Kg7 52. Qa1 Qxh4+ 53.
Nh3 Bf5 54. Qg1+ Kf8 55. Qg3 Qxh3+ 56. Qxh3 Bxh3 57. Kxh3 Bd8 58. f4 Ke8 59. f5 exf5 60. Kg3 Kd7 61. Kf4 Ke6 62. Bf2 Bxb6 63. Kg5 Bd8+ 64. Kxh5 b5 65. Be1 Bb6 66. Bc3 b4 67. Bxb4 Bxd4 68. Kh4 Bxe5 69. Kh3 d4 70. Bd2 Kd5 71. Kg2 Ke4 72. Be1 f4 73. Kf2 f3 74.
Bd2 Bf4 75. Ba5 Be3+ 76. Kf1 d3 77. Ke1 d2+ 78. Bxd2 Bxd2+ 79. Kf2 Bf4 80. Kf1 Ke3 81. Kg1 f2+ 82. Kh1 f1=Q# 0-1

[Event "Late-Titled-Tuesday-Blitz-August-29-2023"]
[Site "Chess.com"]
[Date "2023.08.29"]
[Round "7"]
[White "vladislavkovalev"]
[Black "GMG"]
[Result "1-0"]
[WhiteElo "2931"]
[BlackElo "2776"]
[TimeControl "180+1"]
[EndTime "15:17:42 PDT"]
[Termination "vladislavkovalev won on time"]

1. e4 c5 2. Nf3 Nc6 3. Bb5 Nf6 4. Nc3 Qc7 5. O-O Nd4 6. Re1 a6 7. Bf1 Ng4 8. g3 Nxf3+ 9. Qxf3 Ne5 10. Qe2 e6 11. d3 b5 12. Bg2 d6 13. f4 Nc6 14.
Qf2 Nd4 15. Be3 b4 16. Bxd4 cxd4 17. Ne2 e5 18. Nxd4 exd4 19. e5 d5 20. Bxd5 Rb8 21. f5 Rb5 22. Bc4 Bb7 23. f6 Bd5 24.
e6 fxe6 25. Bxd5 Rxd5 26. Rxe6+ Kd8 27. Rae1 Kc8 28. Qf3 Qd7 29. Re8+ Kc7 30. R8e7 Bxe7 31. Rxe7 Kb6 32. Rxd7 Rxd7 33. fxg7 Rg8 34. Qf6+ Ka7 35. Qf8 Rgxg7 36. Qxb4 Rge7 37. Qc5+ Kb7 38. Kg2 Re6 39.
h4 Rc6 40. Qb4+ Kc7 41. Kh3 Rxc2 42. a4 Rc6 43. Qf8 h6 44. b4 Rdd6 45. Qf4 Kd8 46. g4 Rb6 47. Qe5 Kd7 48. a5 Rbc6 49. Qg7+ Kd8 50.
Kg3 Kc8 51. Kf4 Kd8 52. Ke5 Kc8 53. Qf8+ Kd7 54. Qf7+ Kd8 55. g5 hxg5 56. hxg5 Kc8 57. Qe7 Rg6 58. Kxd4 Rgd6+ 59. Ke5 Rxd3 60. Kf5 Rd5+ 61.
Kg4 Rdd6 62. Qe8+ Kc7 63. Qe7+ Kc8 64. Kf5 Kb8 65. Ke5 Rg6 66. Kd5 Kc8 67. Qe8+ Kc7 68. Qf7+ Kc8 69. Qe7 1-0

[Event "Late-Titled-Tuesday-Blitz-August-29-2023"]
[Site "Chess.com"]
[Date "2023.08.29"]
[Round "7"]
[White "sorch29"]
[Black "nassimzrikem"]
[Result "1-0"]
[WhiteElo "2405"]
[BlackElo "2151"]
[TimeControl "180+1"]
[EndTime "15:17:45 PDT"]
[Termination "sorch29 won on time"]

1. c4 Nf6 2. Nc3 e6 3. e4 d5 4. e5 d4 5. exf6 dxc3 6. bxc3 Qxf6 7. Bd3 Bc5 8. Nf3 Nc6 9. Qe2 O-O 10. O-O e5 11.
Be4 Re8 12. h3 Bf5 13. Rb1 Bxe4 14. Qxe4 b6 15. d3 h6 16. Be3 Bxe3 17. Qxe3 Rad8 18.
Rbd1 Na5 19. Rfe1 e4 20. dxe4 Nxc4 21. Qc1 Rxd1 22. Rxd1 Rxe4 23. Qc2 Re8 24. Rd4 Nd6 25. Rd2 g6 26. c4 c5 27. Qd3 Nf5 28. g4 Nh4 29. Nxh4 Qxh4 30. Kg2 h5 31. Qf3 hxg4 32. hxg4 Qe7 33. Rd3 Kf8 34. Re3 Qd7 35. Rd3 Qe6 36. Re3 Qxc4 37. Rxe8+ Kxe8 38. Qa8+ Ke7 39. Qxa7+ Kf8 40.
Qxb6 Qxg4+ 41. Kf1 Qd1+ 42. Kg2 Qd5+ 43. Kg1 c4 44.
Qc7 Kg7 45. a4 Qd1+ 46. Kg2 Qxa4 47. Qe5+ Kh7 48. Qh2+ Kg8 49. Qb8+ Kg7 50. Qe5+ Kf8 51. Qb8+ Qe8 52. Qd6+ Kg8 53. Qc5 Qe6 54. Qg5 Kg7 55. Qc5 Qg4+ 56. Kf1 Qd1+ 57. Kg2 Qg4+ 58. Kf1 Kh7 59. Qe5 Qe6 60. Qd4 g5 61. Kg2 Kg6 62. Qc5 g4 63. Kg3 1-0

[Event "Late-Titled-Tuesday-Blitz-August-29-2023"]
[Site "Chess.com"]
[Date "2023.08.29"]
[Round "7"]
[White "psychokiller48"]
[Black "Langusto"]
[Result "1-0"]
[WhiteElo "2677"]
[BlackElo "2485"]
[TimeControl "180+1"]
[EndTime "15:17:46 PDT"]
[Termination "psychokiller48 won on time"]

1. d4 d5 2. c4 dxc4 3. e3 Nf6 4. Bxc4 a6 5. Nc3 e6 6. a4 c5 7. Nf3 Nc6 8. O-O cxd4 9. exd4 Be7 10. Re1 O-O 11.
Bg5 Nb4 12. Ne5 Bd7 13. Qe2 Rc8 14. Rad1 Be8 15. Bxf6 Bxf6 16. d5 exd5 17. Nxd5 Nxd5 18. Bxd5 Qb6 19. Ng4 Bxa4 20. Ra1 Bb5 21. Qf3 Bxb2 22. Rab1 Bd4 23. Bxb7 Rc2 24. Be4 Rc3 25. Qf4 g6 26. Rbd1 Bg7 27. Bd5 h5 28. Nh6+ Bxh6 29. Qxh6 Rc2 30. Re3 Re8 31. h4 Rxe3 32. fxe3 Re2 33.
Rd4 Re1+ 34. Kh2 Qd6+ 35. Qf4 Qxf4+ 36. Rxf4 Be8 37. Re4 Kf8 38. Bb7 a5 39. Re5 a4 40.
Ra5 Rxe3 41. Ra8 Ke7 42. Ra7 Kf6 43. Kg1 Re7 44. Ra6+ Re6 45. Ra8 Kg7 46. Kf2 Re5 47. Bf3 Bd7 48. Ra7 Be8 49. Be2 Kf6 50. g3 Re6 51.
Bc4 Re7 52. Ra6+ Kg7 53. Bd3 Bd7 54. Ra7 Kf6 55. Ra6+ Ke5 56. Ke3 Kd5+ 57. Kf2 Kc5 58. Ra7 Kb6 59. Ra8 Bc6 60. Rb8+ Kc5 61. Rd8 Ra7 62.
Bb1 a3 63. Ba2 Rc7 64. Ke3 Kb4 65. Rd3 Kc5 66. Rxa3 1-0

[Event "Late-Titled-Tuesday-Blitz-August-29-2023"]
[Site "Chess.com"]
[Date "2023.08.29"]
[Round "7"]
[White "TheMagician"]
[Black "Good_Knight_Kiss"]
[Result "0-1"]
[WhiteElo "2144"]
[BlackElo "2341"]
[TimeControl "180+1"]
[EndTime "15:17:46 PDT"]
[Termination "Good_Knight_Kiss won by resignation"]

1. e4 c5 2. Nf3 d6 3. d4 cxd4 4. Nxd4 Nf6 5. Nc3 a6 6. Bg5 e6 7. f4 Be7 8. Qf3 h6 9. Bh4 Qc7 10. O-O-O Nbd7 11. Kb1 g5 12. fxg5 Ne5 13. Qe2 Nfg4 14.
Nf3 hxg5 15. Bxg5 Bxg5 16. Nxg5 Qc5 17. Rd2 Bd7 18. Nf3 O-O-O 19. Nxe5 Nxe5 20. h3 Bc6 21. Qf2 Qxf2 22. Rxf2 Rdg8 23. Rg1 Rxh3 24. Be2 Rhg3 25. a3 Kd7 26. Kc1 Ke7 27. Kd2 b5 28. b3 Rc8 29.
a4 b4 30. Na2 a5 31. Bf3 Rcg8 32. Rgf1 R8g7 33. Nc1 Ng4 34. Re2 Nh2 35. Rff2 Ng4 36. Rf1 Ne5 37. Nd3 R7g5 38. Nxe5 Rxe5 39. Ref2 Rg7 40.
Kd3 d5 41. exd5 Bxd5 42. Bxd5 Rxd5+ 43. Ke2 f5 44. Rf4 Kf6 45. R1f2 Rc7 46. Rc4 Rxc4 47. bxc4 Rd4 48. c3 Rxc4 49. cxb4 Rxb4 50. Kd3 Rxa4 51. Rb2 Rg4 52. Ra2 a4 53. Ke3 Ke5 54. Kf3 Kd5 55.
g3 Kc5 56. Re2 Kd5 57. Rd2+ Rd4 58. Rb2 e5 59. Rb5+ Ke6 60. Rb6+ Rd6 61. Rb5 Rd3+ 62. Kf2 a3 63. Ra5 e4 64. Kg2 Kf6 65. Kh2 Kg5 66. Kh3 Rc3 67. Rb5 a2 68. Ra5 Rc2 69.
Rxa2 Rxa2 70. g4 fxg4+ 71. Kg3 Ra3+ 72. Kg2 Kf4 0-1

[Event "Late-Titled-Tuesday-Blitz-August-29-2023"]
[Site "Chess.com"]
[Date "2023.08.29"]
[Round "7"]
[White "js20000"]
[Black "vi_pranav"]
[Result "0-1"]
[WhiteElo "2643"]
[BlackElo "2944"]
[TimeControl "180+1"]
[EndTime "15:17:49 PDT"]
[Termination "vi_pranav won by resignation"]

1. e4 c6 2. Nf3 d5 3. d3 Bg4 4. h3 Bxf3 5. Qxf3 e6 6. g3 Nd7 7. Bg2 Ngf6 8. O-O Bd6 9. Qe2 O-O 10. Nd2 Re8 11. Nf3 e5 12. Nh4 a5 13. Nf5 Bf8 14.
Bg5 h6 15. Bd2 a4 16. a3 Qb6 17. Rab1 Qa6 18. Qf3 Rad8 19. Rfe1 Re6 20. h4 Nc5 21. Rbd1 dxe4 22. dxe4 Qc4 23. Bh3 Qxc2 24. Ne3 Qxe4 25. Qxe4 Nfxe4 26. Bxe6 Nxe6 27. Ba5 Ra8 28. Bb6 f6 29. Rd7 N4c5 30. Rd2 Nd4 31. Kg2 Ra6 32. Bxc5 Bxc5 33. Rc1 Bf8 34. Rcd1 Kf7 35. Nc2 c5 36. Ne3 b5 37. Nd5 Ra7 38. Rd3 Rb7 39. Ra1 Ke6 40.
Nc3 c4 41. Rdd1 f5 42. Rac1 Bc5 43. Re1 e4 44. Rcd1 g5 45. hxg5 hxg5 46. Nxe4 fxe4 47. Rxe4+ Kd5 48. Rg4 Rg7 49. f4 Kc6 50. Rxg5 Re7 51. Re5 Rxe5 52. fxe5 Kd5 53. Re1 Ne6 54. Kf3 Bd4 55. Re2 Bxe5 56. Kg4 Bd4 57. Kf5 Nc5 58. Re8 Bxb2 59. Rd8+ Kc6 60. Rc8+ Kb6 61. Rb8+ Ka6 62. Rc8 Nd3 63. g4 Bxa3 64. g5 Bb2 65. g6 Ka5 66. Ke4 Kb4 67. Ke3 a3 68. Ra8 Kb3 69. Kd2 b4 70. Ra7 a2 71. Ke3 Bc3 72. Ke4 a1=Q 73.
Rxa1 Bxa1 0-1

[Event "Late-Titled-Tuesday-Blitz-August-29-2023"]
[Site "Chess.com"]
[Date "2023.08.29"]
[Round "7"]
[White "Fuzesabonyilaci"]
[Black "ritanovikova"]
[Result "1-0"]
[WhiteElo "2407"]
[BlackElo "2159"]
[TimeControl "180+1"]
[EndTime "15:18:01 PDT"]
[Termination "Fuzesabonyilaci won by checkmate"]

1. d4 d5 2. c4 e6 3. Nc3 Nf6 4.
Bg5 Be7 5. Nf3 c6 6. e3 O-O 7. Bd3 Nbd7 8. O-O h6 9. Bh4 Re8 10. Re1 a6 11. c5 Qc7 12. Bg3 Qd8 13. Nd2 Nh7 14. b4 Nhf8 15. a4 a5 16. b5 e5 17. Rb1 Bf6 18. Nb3 Ne6 19. Bf5 exd4 20. exd4 Ndf8 21. Qd3 g6 22. Bh3 Ng5 23. Bxc8 Rxc8 24.
bxc6 bxc6 25. Rxe8 Qxe8 26. Nxa5 Ra8 27. Nb7 Nfe6 28.
Nd6 Qd7 29. Rb4 Qa7 30. h4 Nh7 31. Rb7 Qa6 32. Qxa6 Rxa6 33. Rxf7 Bxd4 34. Re7 Nxc5 35. Ne2 Bf6 36. Re8+ Kg7 37. Rc8 Nf8 38. Ne8+ Kf7 39. Nxf6 Kxf6 40. Rxf8+ Kg7 41. Rc8 Nxa4 42. Bd6 c5 43. Bxc5 Nxc5 44. Rxc5 Ra1+ 45. Kh2 Rd1 46. Kg3 d4 47. Rd5 d3 48. Nf4 d2 49. f3 Kf6 50. Kf2 g5 51. hxg5+ hxg5 52. Nh3 g4 53. fxg4 Ke6 54. Rd3 Ke5 55. Ke2 Rg1 56. Rxd2 Rxg2+ 57. Nf2 Kf4 58. Rd3 Kg5 59. Rd5+ Kf4 60. Rf5+ Kg3 61.
g5 Kh4 62. Kf3 Rxg5 63. Rf8 Ra5 64. Kf4 Ra4+ 65. Ne4 Ra5 66. Rg8 Rh5 67. Rg1 Rh6 68. Rh1# 1-0

[Event "Late-Titled-Tuesday-Blitz-August-29-2023"]
[Site "Chess.com"]
[Date "2023.08.29"]
[Round "7"]
[White "whiteglovethief"]
[Black "AndreiITrifan"]
[Result "0-1"]
[WhiteElo "2457"]
[BlackElo "2584"]
[TimeControl "180+1"]
[EndTime "15:18:04 PDT"]
[Termination "AndreiITrifan won by resignation"]

1. d4 Nf6 2. c4 e6 3. Nf3 b6 4. a3 Bb7 5. Nc3 d5 6. cxd5 Nxd5 7.
Qc2 Be7 8. e4 Nxc3 9. bxc3 O-O 10. Bd3 c5 11. O-O cxd4 12. cxd4 Nc6 13. Bb2 Rc8 14.
Qe2 Na5 15. Rad1 Qc7 16. h4 Qf4 17. g3 Qg4 18. Qe3 f5 19. Ne5 Qh3 20. d5 Bc5 21. Bd4 Bxd4 22. Qxd4 f4 23. gxf4 Rxf4 24. Qe3 Qxh4 25.
Qg3 Qf6 26. Ng4 Qg5 27. Ne3 Qxg3+ 28. fxg3 Rxf1+ 29. Bxf1 exd5 30. exd5 Rd8 31. Bh3 Bc8 32. Bxc8 Rxc8 33. Nf5 Rd8 34. Kf2 Kf7 35. Kf3 g6 36. Ne3 Nb7 37. Kf4 Nd6 38. Ke5 Ke7 39. g4 h5 40. Rh1 Rh8 41. g5 h4 42. Rh3 Rh5 43. Kf4 Nf7 44. Ng4 Rxg5 45. Rxh4 Rxd5 46. Rh7 Rh5 47.
Rg7 Rf5+ 48. Kg3 Rg5 49. Kf4 Ra5 50. Nh6 Ke6 51. Rxf7 Rxa3 52. Rb7 Kd5 53. Ng4 Kc6 54. Rg7 b5 55. Rxg6+ Kc5 56. Ne5 b4 57. Nd7+ Kd5 58.
Rg5+ Kc4 59. Rc5+ Kd4 60. Rb5 a5 61. Ne5 b3 62. Nc6+ Kc4 63. Rxa5 Ra2 64. Ke3 b2 65. Rxa2 b1=Q 66. Re2 Qb6+ 67. Kd2 Qxc6 68. Re3 Qh6 69. Ke2 Kd4 70. Rd3+ Ke4 71. Ra3 Qh2+ 72. Kf1 Qh1+ 73. Kf2 Qh4+ 74. Kf1 Qd8 75. Rh3 Qd1+ 76. Kg2 Qc2+ 77.
Kf1 Kf5 78. Rg3 Kf4 79. Rh3 Qd1+ 80. Kg2 Qe2+ 81. Kg1 Kg4 82. Ra3 Qd1+ 83. Kf2 Qd2+ 84. Kg1 Qc1+ 0-1

[Event "Late-Titled-Tuesday-Blitz-August-29-2023"]
[Site "Chess.com"]
[Date "2023.08.29"]
[Round "7"]
[White "Athanasios2"]
[Black "Alphafischer2019"]
[Result "1-0"]
[WhiteElo "2731"]
[BlackElo "2528"]
[TimeControl "180+1"]
[EndTime "15:18:07 PDT"]
[Termination "Athanasios2 won by checkmate"]

1. Nf3 c5 2. c4 g6 3. g3 Bg7 4.
Bg2 Nc6 5. O-O e6 6. Nc3 Nge7 7. b3 d5 8. cxd5 exd5 9. Bb2 O-O 10. d3 Re8 11.
Rc1 b6 12. e3 Ba6 13. Na4 Bf8 14. a3 Rc8 15. Qd2 Nf5 16. Rfd1 h5 17. h4 Bh6 18. d4 Nxe3 19. dxc5 Nxd1 20. Qxh6 Nxb2 21. Nxb2 Qf6 22.
Na4 Ne5 23. Nxe5 Rxe5 24. b4 Bb5 25. Nc3 Bc4 26. cxb6 axb6 27. Nxd5 Qd8 28. Ne3 Bb3 29. Rf1 Qd4 30. Rb1 Ba4 31. Bf3 Qd2 32. Qf4 Rc1+ 33. Rxc1 Qxc1+ 34. Kh2 Re8 35. Bd5 Rf8 36. Qf6 Qb1 37. Qxb6 Bd7 38. Qf6 Bg4 39. b5 Be2 40. b6 Ba6 41. a4 Bc8 42. a5 Kh7 43. Qe7 Kg8 44. b7 Be6 45. Bxe6 fxe6 46. Qxe6+ Kg7 47. Qe5+ Kh7 48. Qe7+ Kg8 49. Kg2 Qb3 50. a6 Qb6 51.
Qe4 Qxa6 52. Nd5 Qxb7 53. Nf6+ Rxf6 54. Qxb7 Rf7 55. Qc8+ Kg7 56. Qc2 Rf6 57. f3 Rf7 58. g4 Re7 59. gxh5 gxh5 60. Qf5 Rf7 61. Qxh5 Rf6 62. Kg3 Rg6+ 63. Kf4 Rf6+ 64. Ke5 Rg6 65. f4 Rh6 66. Qg5+ Rg6 67. Qe7+ Kh6 68. f5 Rg1 69. Qf8+ Kh7 70. Qf7+ Kh8 71. Qh5+ Kg8 72. f6 Re1+ 73. Kd4 Rd1+ 74. Qxd1 Kh7 75. Qh5+ Kg8 76. Qg6+ Kh8 77. Qg7# 1-0

[Event "Late-Titled-Tuesday-Blitz-August-29-2023"]
[Site "Chess.com"]
[Date "2023.08.29"]
[Round "7"]
[White "ErikRonka"]
[Black "azikom"]
[Result "0-1"]
[WhiteElo "2492"]
[BlackElo "2693"]
[TimeControl "180+1"]
[EndTime "15:18:13 PDT"]
[Termination "azikom won by checkmate"]

1. e4 c5 2. Nf3 e6 3. d4 cxd4 4. Nxd4 a6 5. Nc3 b5 6. Bd3 Nc6 7. Nxc6 dxc6 8. e5 Ne7 9. O-O Ng6 10. Qe2 c5 11. a4 b4 12. Nd1 Bb7 13. Be4 Bxe4 14. Qxe4 Qd5 15. Qxd5 exd5 16. f4 O-O-O 17. Ne3 Kb7 18. g3 Kc6 19. Rd1 h5 20. c4 bxc3 21.
bxc3 h4 22. Rb1 hxg3 23. hxg3 d4 24. c4 Be7 25. Nd5 Rxd5 26. cxd5+ Kxd5 27. Be3 f6 28. Rb6 a5 29. e6 f5 30. Bf2 Rd8 31. Rb5 Kxe6 32.
Rxa5 Bd6 33. Ra6 Ne7 34. a5 Kd5 35. Rb6 Ra8 36. a6 Nc6 37. Ra1 Bc7 38. Rb5 Kc4 39. Rbb1 Nb4 40. Rc1+ Kb5 41. Bxd4 Bb6 42. Bxg7 Rxa6 43.
Rxa6 Nxa6 44. Kg2 Nb4 45. Be5 Nd3 46. Rb1+ Kc6 47. g4 fxg4 48. Kg3 c4 49. Kxg4 Bc5 50. Kf5 Kd5 51. Rd1 Bd4 52. Bxd4 Kxd4 53. Ke6 c3 54. f5 c2 55. Rh1 Nf4+ 56. Ke7 Nd5+ 57. Kd6 Ne3 58.
f6 Nd1 59. f7 c1=Q 60. f8=Q Qc5+ 61. Kd7 Qxf8 62. Rxd1+ Kc3 63. Rd6 Qf7+ 64. Kc6 Kc4 65. Rd7 Qe6+ 66. Kc7 Kc5 67. Kd8 Kc6 68. Rc7+ Kb6 69. Rd7 Qf6+ 70. Ke8 Qg6+ 71. Kd8 Kc6 72. Re7 Qd6+ 73. Ke8 Qg6+ 74. Kd8 Qf5 75. Ke8 Kd6 76. Rf7 Qc8# 0-1

[Event "Late-Titled-Tuesday-Blitz-August-29-2023"]
[Site "Chess.com"]
[Date "2023.08.29"]
[Round "7"]
[White "sergoy"]
[Black "Firouzja2003"]
[Result "0-1"]
[WhiteElo "2973"]
[BlackElo "3113"]
[TimeControl "180+1"]
[EndTime "15:18:14 PDT"]
[Termination "Firouzja2003 won by checkmate"]

1. d4 Nf6 2. c4 g6 3. Nc3 Bg7 4. e4 d6 5. Nf3 O-O 6. Be2 e5 7. O-O Na6 8. Be3 Qe7 9. d5 Ng4 10. Bg5 f6 11. Bh4 g5 12. Bg3 f5 13. exf5 Bxf5 14.
h3 Nh6 15. Nd2 Bg6 16. Nde4 Nf5 17. Bg4 h6 18. a3 Nd4 19. b4 Nb8 20. c5 Nd7 21.
cxd6 cxd6 22. Rc1 Nb6 23. a4 Bxe4 24. Nxe4 Nxd5 25. b5 Nf4 26. Nc3 Qf7 27. Bxf4 gxf4 28. Bf3 Kh8 29. Bd5 Qe7 30. Ne2 Ne6 31. Nc3 Rac8 32.
Ne4 Rxc1 33. Qxc1 Nd4 34. Qd1 f3 35. g3 b6 36. Kh2 Rc8 37. Nd2 Rc5 38. Bxf3 d5 39. Nb3 Nxb3 40. Qxb3 e4 41. Bg4 Qg5 42. Qe3 Qe5 43. Qe2 Rc4 44. Rd1 Rc5 45. Re1 Kh7 46.
h4 Bf6 47. h5 Kg7 48. Bh3 Qg5 49. Rd1 Kf7 50. Kg2 Kg7 51. a5 bxa5 52. Qa2 e3 53. Qxa5 Be5 54. Qxa7+ Rc7 55. Qxe3 Qxe3 56. fxe3 Rc5 57.
Bd7 Kf6 58. Bc6 Ke6 59. Kf3 Bd6 60. g4 Be7 61. Rd3 Bg5 62. Be8 Ke5 63. Bc6 Kd6 64.
e4 d4 65. Rxd4+ Kc7 66. Rd7+ Kb6 67. Rd5 Rc3+ 68. Kf2 Bh4+ 69. Ke2 Rg3 70. e5 Rxg4 71. Rd6 Kc5 72. Rd5+ Kb6 73. Rd7 Rg5 74. Rd5 Rxh5 75. Kf3 Be7 76. Ke4 Bc5 77. Rd7 Rh4+ 78. Kf5 Rh5+ 79.
Kf4 Rh4+ 80. Kf5 Rh5+ 81. Kf6 Rh2 82. e6 Rf2+ 83. Kg7 Re2 84. Kf7 Rf2+ 85. Ke8 Rf8# 0-1

[Event "Late-Titled-Tuesday-Blitz-August-29-2023"]
[Site "Chess.com"]
[Date "2023.08.29"]
[Round "7"]
[White "Alexander_Moskalenko"]
[Black "ahkashefi2800"]
[Result "1/2-1/2"]
[WhiteElo "2823"]
[BlackElo "2587"]
[TimeControl "180+1"]
[EndTime "15:18:26 PDT"]
[Termination "Game drawn by repetition"]

1. d4 d5 2. Nf3 c6 3. Bf4 Nf6 4. e3 Bf5 5. c4 e6 6. Qb3 Qb6 7.
c5 Qxb3 8. axb3 Nbd7 9. b4 Bxb1 10. Rxb1 a6 11. Ra1 Rc8 12. h4 Be7 13. Nd2 O-O 14.
Nb3 Bd8 15. Na5 Bxa5 16. bxa5 Rfe8 17. f3 e5 18. dxe5 Nxe5 19. h5 Rcd8 20. Rd1 Re7 21.
Kf2 Rde8 22. b4 h6 23. Be2 Nfd7 24. g4 f6 25. Rhe1 Nf7 26. Bf1 Nde5 27. Be2 Ng5 28. Kg2 Ngf7 29. Bg3 Nd7 30. Bf2 Nde5 31. Bf1 Nd7 32.
Rd4 Nf8 33. Red1 Ne6 34. R4d2 Neg5 35. Be2 Kf8 36. Re1 Ne6 37. Bg3 Neg5 38. Bf2 Ne6 39.
Bd1 Nfg5 40. Bc2 Nf7 41. Bg6 Kg8 42. Bg3 Nf8 43. e4 Nxg6 44. hxg6 Ng5 45. exd5 Rxe1 46.
Bxe1 cxd5 47. Bg3 Rd8 48. Bd6 Ne6 49. f4 Re8 50. Rxd5 Rd8 51. Kf3 Nc7 52. Rd3 Nb5 53. f5 Na7 54. Re3 Nc6 55. Re4 Rc8 56. Ke3 Rd8 57.
Kd3 Rc8 58. Kc4 Rd8 59. Kb3 Rc8 60. Ka4 Ra8 61. Re2 Rd8 62. b5 axb5+ 63. Ka3 Ra8 64. Kb2 Nxa5 65. Re7 b6 66. cxb6 Nc4+ 67. Kb3 Nxd6 68. Rd7 Ne4 69. Kb4 Kf8 70. b7 Rb8 71. Rf7+ Kg8 72. Rd7 Kf8 73. Kxb5 Rxb7+ 74. Rxb7 Nd6+ 75.
Kc6 Nxb7 76. Kxb7 Ke7 77. Kc7 Ke8 78. Kd6 Kd8 79. Ke6 Ke8 80. Kd6 Kd8 81. Kc5 Kc7 82. Kd5 Kd7 83. Kc5 Kc7 84. Kd5 Kd7 85. Kc5 Kc7 1/2-1/2

[Event "Late-Titled-Tuesday-Blitz-August-29-2023"]
[Site "Chess.com"]
[Date "2023.08.29"]
[Round "7"]
[White "Jumbo"]
[Black "AvitalBor"]
[Result "0-1"]
[WhiteElo "2928"]
[BlackElo "2766"]
[TimeControl "180+1"]
[EndTime "15:18:35 PDT"]
[Termination "AvitalBor won by resignation"]

1. Nf3 e6 2. c4 d5 3. e3 Nf6 4.
Nc3 c5 5. cxd5 Nxd5 6. Bc4 Nc6 7. O-O Be7 8. Qe2 O-O 9. Rd1 Nb6 10. Bb5 Qc7 11.
d4 a6 12. Bd3 Rd8 13. Be4 h6 14. a3 Bd7 15. dxc5 Bxc5 16. b4 Bd6 17. Bb2 Ne5 18. Rac1 Nbc4 19. Nb1 Bb5 20. a4 Bxa4 21. Rd4 Bb5 22.
Nxe5 Bxe5 23. Rxd8+ Rxd8 24. Bxe5 Qxe5 25. Bd3 Na3 26.
Bxb5 Nxb5 27. h3 Qa1 28. Qc2 Qe5 29. Nd2 g6 30. Nf3 Qd6 31. Qc4 Rd7 32. Qe4 Kg7 33. Ne5 Rc7 34. Rxc7 Qxc7 35. Qf4 f6 36. Nd3 Qxf4 37.
exf4 Kf7 38. Kf1 Ke7 39. Ke2 b6 40. Ke3 a5 41. bxa5 bxa5 42. Nc5 Nc7 43. g3 Nd5+ 44.
Kd4 g5 45. fxg5 hxg5 46. h4 gxh4 47. gxh4 Nf4 48. Ke4 e5 49. Kf5 Kf7 50. Ne4 a4 51. Nxf6 a3 52. Ng4 a2 53. Nxe5+ Kg8 54. Kxf4 a1=Q 55.
f3 Qd4+ 56. Kf5 Qxh4 57. Ng4 Qh3 58. Kg5 Qxf3 59. Nh6+ Kh7 60. Nf5 Qd5 61. Kf6 Qc6+ 62. Ke5 Qc5+ 63. Ke6 Qb6+ 64. Ke5 Kg6 65. Ne7+ Kf7 66.
Nd5 Qa5 67. Kd6 Qa6+ 68. Ke5 Qc8 69. Kd6 Qe6+ 70. Kc5 Qe5 71. Kc6 Ke6 72. Nc7+ Kf5 73. Kd7 Qg7+ 74. Kc6 Ke5 75. Nb5 Qg6+ 76. Kc5 Qe8 77. Kb6 Qb8+ 78. Kc6 Qc8+ 79. Kb6 Kd5 80. Nc7+ Kd6 81. Nb5+ Kd7 82. Ka5 Qc5 83. Ka4 Kc6 84. Na3 Kd5 85. Kb3 Qe3+ 86. Kb4 Qd2+ 87. Kb3 Kc5 88. Nc2 Qd3+ 89. Kb2 Qh3 0-1

[Event "Late-Titled-Tuesday-Blitz-August-29-2023"]
[Site "Chess.com"]
[Date "2023.08.29"]
[Round "7"]
[White "Grebeniuk-S"]
[Black "superfast64"]
[Result "1-0"]
[WhiteElo "2613"]
[BlackElo "2460"]
[TimeControl "180+1"]
[EndTime "15:19:01 PDT"]
[Termination "Grebeniuk-S won by resignation"]

1. d4 d5 2. Nf3 c6 3. Bf4 Bf5 4. Nbd2 e6 5. e3 Bd6 6. Bg3 Qc7 7. Bd3 Nd7 8. Rc1 Ngf6 9. O-O O-O 10. Bxf5 exf5 11. Bxd6 Qxd6 12. c4 g6 13. a3 a6 14.
b4 h5 15. Nb3 Ne4 16. Nc5 Rab8 17. cxd5 Qxd5 18. Qb3 Qxb3 19. Nxb3 Rfe8 20. g3 Kg7 21. h4 Kf6 22. Rc2 Re7 23. Rfc1 Rd8 24. Kg2 Ke6 25. Nc5+ Ndxc5 26. bxc5 Rdd7 27. Rb2 Rc7 28.
Rcb1 Nc3 29. Rc1 Ne4 30. Ne5 Kf6 31. Nc4 Ke6 32. Rb3 Kd5 33. Nb6+ Ke6 34. Rc2 f6 35. Nc4 g5 36. hxg5 fxg5 37. Rcb2 h4 38. Na5 hxg3 39.
fxg3 Nf6 40. Nxb7 Nd5 41. Nd6 Kf6 42. Re2 Kg6 43. Kf2 Rh7 44. e4 Rh2+ 45. Ke1 Rxe2+ 46. Kxe2 fxe4 47. Nxe4 Kf5 48. Nd6+ Kg4 49. Rb8 Kh3 50. Rg8 Kg4 51. Kd3 Kxg3 52. Rxg5+ Kf4 53. Rf5+ Kg4 54.
Rf7 Rxf7 55. Nxf7 Kf5 56. Ne5 Ne7 57. Kc4 Ke6 58. Nd3 Nd5 59. a4 a5 60. Ne5 Ne7 61. Nf3 Kd7 62. Nd2 Kc7 63. Kd3 Nd5 64. Nc4 Nb4+ 65. Kc3 Nd5+ 66. Kb3 Nf4 67. Nxa5 Ne2 68.
Kc4 Kd7 69. Nb3 Nf4 70. Nd2 Kc7 71. Ne4 Nd5 72. Nc3 Ne3+ 73. Kb4 Kb7 74. Ne4 Ka6 75. Nd2 Nd5+ 76. Kc4 Ka5 77. Kb3 Ne7 78. Nc4+ Ka6 79.
Ne5 Kb7 80. Kb4 Ka6 81. Kc4 Ka5 82. Kb3 Ka6 83. Nf7 Ka5 84. Nd6 Ka6 85. Kb4 Nd5+ 86. Kc4 Nc7 87. Nf5 Nd5 88. Ng7 Ka5 89. Kb3 Ka6 90. Ne6 Ka5 91. Nd8 Ne7 92. Nb7+ Ka6 93. Nd6 Ka5 94. Ne4 Ka6 95. Nc3 Ka5 96. Kc4 Ka6 97. d5 cxd5+ 98. Nxd5 Nc8 99. Kb4 Na7 100. Ne7 Kb7 101. a5 Kc7 102. Kc4 Kd7 103. Nd5 Nc6 104. Kb5 Nd4+ 105. Kb6 Ke6 106. Nb4 Kd7 107. Kb7 Nb5 108. c6+ Ke6 109. a6 Ke5 110. a7 Nxa7 111. Kxa7 Kd6 112. Kb7 1-0